Map: 瑟拉斯废墟

Players

Quail - Winner!

  • Race: Protoss Protoss
  • League: Diamond

大和型戦舰一番舰

  • Race: Terran Terran
  • League: Platinum

VOD

Have the link to the VOD?

Description

Time

  • Played on: Dec. 4, 2015, 10:50 a.m.
  • Length: 10:31
Show
View Real Time Build Order
Export as new Build Order

Quail Protoss - Winner!

Build Orders: 1 Gate Expand 

Get SALT Encoding   

  12  0:01  Probe (Chrono Boost)  
  13  0:11  Probe (Chrono Boost)  
  14  0:18  Pylon  
  14  0:23  Probe (Chrono Boost)  
  15  0:36  Probe (Chrono Boost)  
  15  0:37  Gateway  
  16  0:46  Probe (Chrono Boost)  
  16  0:48  Assimilator  
  18  0:57  Probe (Chrono Boost)  
  18  1:07  Probe (Chrono Boost)  
  19  1:21  Nexus  
  19  1:32  Cybernetics Core  
  19  1:35  Probe (Chrono Boost)  
  20  1:46  Probe (Chrono Boost)  
  21  1:49  Pylon  
  21  1:52  Assimilator  
  21  1:56  Probe (Chrono Boost)  
  22  2:07  Probe (Chrono Boost)  
  22  2:08  Adept (Chrono Boost)  
  25  2:17  Probe (Chrono Boost)  
  26  2:27  Warp Gate  
  26  2:29  Probe  
  27  2:33  Adept (Chrono Boost)  
  29  2:41  Mothership Core, Probe  
  32  2:51  Probe  
  32  2:57  Adept (Chrono Boost)  
  35  3:02  Probe x2  
  35  3:04  Pylon  
  37  3:09  Pylon  
  37  3:12  Probe  
  37  3:14  Probe  
  39  3:23  Probe  
  39  3:26  Probe  
  41  3:33  Probe  
  41  3:34  Pylon  
  41  3:38  Robotics Facility  
  41  3:39  Adept (Chrono Boost)  
  44  3:50  Probe  
  44  3:52  Probe  
  46  3:58  Gateway  
  48  4:03  Adept (Chrono Boost)  
  48  4:05  Probe  
  48  4:06  Probe  
  50  4:17  Gateway  
  50  4:19  Gateway  
  50  4:20  Forge  
  50  4:26  Adept (Chrono Boost)  
  48  4:48  Probe  
  48  4:49  Probe  
  48  4:53  Pylon  
  48  4:56  Pylon  
  48  4:57  Observer (Chrono Boost)  
  48  4:59  Assimilator  
  47  5:01  Pylon  
  47  5:04  Assimilator  
  47  5:07  Photon Cannon  
  47  5:13  Probe  
  45  5:15  Probe  
  45  5:16  Observer (Chrono Boost)  
  45  5:19  Gateway  
  45  5:20  Gateway  
  48  5:22  Gateway  
  48  5:24  Probe  
  48  5:25  Twilight Council  
  48  5:26  Photon Cannon  
  48  5:27  Probe  
  50  5:29  Photon Cannon  
  50  5:38  Probe  
  50  5:40  Probe  
  52  5:46  Adept, Warp Prism (Chrono Boost)  
  56  5:56  Resonating Glaives (Chrono Boost), Pylon  
  56  5:59  Adept  
  56  6:00  Adept x2  
  62  6:14  Stalker x2  
  66  6:20  Stargate  
  66  6:22  Immortal  
  70  6:31  Stalker x2  
  74  6:35  Protoss Ground Weapons Level 1 (Chrono Boost)  
  74  6:41  Stalker x2  
  74  6:45  Probe  
  74  6:46  Probe  
  80  6:50  Adept  
  80  6:51  Adept  
  84  6:54  Adept  
  84  7:00  Templar Archives  
  86  7:08  Void Ray  
  90  7:12  Adept  
  92  7:19  Immortal  
  96  7:29  Adept x3  
  102  7:43  Pylon  
  96  8:03  High Templar x4  
  104  8:06  Adept x2  
  104  8:07  Adept  
  104  8:11  Nexus  
  110  8:14  Pylon  
  110  8:15  Psionic Storm  
  110  8:16  Pylon  
  110  8:23  Pylon  
  110  8:31  Pylon  
  110  8:32  Probe x2  
  112  8:36  Blink (Chrono Boost)  
  112  8:39  Adept  
  114  8:41  Adept  
  114  8:44  Probe x2  
  118  8:52  Adept x2  
  122  9:06  Immortal  
  126  9:15  Adept  
  128  9:17  Adept  
  128  9:20  Probe x2  
  132  9:31  Adept x2  
  132  9:32  Adept  
  138  9:44  Warp Prism  
  140  9:50  Adept x2  
  136  10:20  Stalker x2  
  136  10:21  Stalker x5  
  142  10:28  Archon  
Show
View Real Time Build Order
Export as new Build Order

大和型戦舰一番舰 Terran 

Build Orders: Reaper Expand, MMM Bio 

Get SALT Encoding   

  12  0:00  SCV  
  13  0:13  SCV  
  14  0:18  Supply Depot  
  14  0:25  SCV  
  15  0:40  SCV  
  15  0:41  Barracks  
  16  0:46  Refinery  
  16  0:52  SCV  
  18  1:04  SCV  
  18  1:16  SCV  
  19  1:29  Supply Depot, Reaper  
  21  1:35  Orbital Command  
  20  1:54  Command Center  
  20  2:00  SCV  
  21  2:06  Marine  
  22  2:15  SCV  
  23  2:20  Factory  
  23  2:27  SCV  
  24  2:42  SCV  
  24  2:47  Barracks  
  24  2:48  Barracks Tech Lab  
  24  2:50  Refinery  
  24  2:54  SCV  
  25  3:03  Factory Tech Lab  
  25  3:06  SCV  
  25  3:10  Orbital Command  
  26  3:13  Refinery  
  26  3:17  Marauder  
  26  3:18  SCV  
  26  3:19  Stimpack  
  28  3:31  SCV  
  29  3:38  Orbital Command  
  29  3:43  Cyclone  
  32  3:56  Barracks Reactor  
  30  4:48  SCV  
  30  4:54  SCV  
  31  5:00  SCV  
  31  5:02  Cyclone, Marine  
  31  5:03  Marine x2  
  31  5:06  SCV  
  39  5:07  Barracks  
  39  5:12  SCV  
  40  5:18  SCV  
  43  5:21  Combat Shields, Marauder  
  43  5:24  SCV  
  44  5:29  Supply Depot  
  44  5:30  Supply Depot, SCV  
  42  5:36  SCV  
  44  5:43  SCV, Marine, Marauder  
  46  5:50  SCV, Marine  
  46  5:55  SCV  
  49  6:01  Marine  
  49  6:02  SCV  
  50  6:04  Barracks Reactor, Marauder  
  50  6:05  Barracks  
  50  6:07  SCV  
  51  6:14  SCV  
  52  6:19  SCV  
  52  6:22  Starport  
  52  6:23  Barracks  
  55  6:25  Marauder  
  55  6:26  SCV  
  55  6:29  Marine  
  55  6:30  Marine  
  55  6:31  SCV  
  59  6:38  SCV  
  60  6:40  Marine x2  
  60  6:43  SCV  
  65  6:47  Marine x2, Marauder  
  65  6:50  SCV, Concussive Shells  
  68  6:55  SCV  
  68  6:57  Marine  
  68  6:58  Barracks  
  70  7:02  Supply Depot  
  70  7:03  Supply Depot  
  70  7:04  Starport Reactor  
  70  7:09  Barracks Tech Lab  
  70  7:10  Barracks Tech Lab  
  70  7:13  Engineering Bay  
  70  7:17  Refinery  
  70  7:18  Engineering Bay  
  70  7:22  Supply Depot  
  70  7:23  SCV x2, Marine x3  
  70  7:24  Marauder  
  70  7:25  Marine  
  77  7:35  SCV x2  
  74  7:41  Marine x2  
  73  7:45  Marauder  
  73  7:48  SCV  
  72  8:00  SCV  
  73  8:14  SCV  
  73  8:17  SCV  
  75  8:20  Marine  
  75  8:21  Marauder, Marine x2  
  75  8:22  Marauder x2  
  75  8:24  Supply Depot  
  75  8:25  Supply Depot  
  75  8:26  SCV, Supply Depot  
  85  8:29  SCV, Liberator x2  
  86  8:40  Ghost Academy  
  86  8:44  Supply Depot  
  86  8:46  SCV x2  
  86  8:47  Marauder x2  
  98  8:49  Engineering Bay  
  98  8:55  Barracks Tech Lab  
  98  8:58  SCV  
  93  9:10  SCV  
  93  9:11  Missile Turret  
  93  9:13  Ghost  
  93  9:14  Ghost  
  98  9:22  SCV  
  98  9:23  SCV  
  100  9:34  SCV  
  103  9:38  Marauder, Marine x2  
  103  9:39  Marauder, Marine x2  
  109  9:47  SCV  
  108  9:59  SCV  
Tags
 
Add a new tag
Caveats
  • Supply blocks, unpowered buildings, or Contaminate may cause inaccurate times.
  • Supply counts are checked every 10 seconds.